 Dungeon Crawl Stone Soup version 0.31-a0-431-g88bdf31460 (webtiles) character file.

Game seed: 2110144752662848574

5768 LeprechaunX the Mimic (level 10, -2/63 HPs)
             Began as an Octopode Shapeshifter on July 31, 2023.
             Was an Initiate of Gozag.
             Slain by an efreet
             ... wielding a +3 scimitar of flaming
              (6 damage)
             ... on level 8 of the Dungeon.
             The game lasted 00:15:51 (8606 turns).

LeprechaunX the Mimic (Octopode Shapeshifter)       Turns: 8606, Time: 00:15:52

Health: -2/63      AC:  1    Str: 17    XL:     10   Next: 78%
Magic:  10/10      EV: 15    Int: 11    God:    Gozag
Gold:   1824       SH:  5    Dex: 17    Spells: 9/9 levels left

rFire   . .          .
                       - Unarmed
rCold   . . .        (no shield)
rNeg    . . .        (helmet currently unavailable)
rPois   .            g - amulet of reflection
rElec   .            s - ring of see invisible
rCorr   +            f - ring "Rythitam" {Will+ rCorr Dex+3}
SInv    +            (no ring)
Will    +....        (no ring)
Stlth   +++          (no ring)
HPRegen 0.30/turn    (no ring)
MPRegen 0.12/turn    (no ring)
                     (no ring)

%: reflection
@: beast-form
A: beast (slay +7), almost no armour, amphibious, 8 rings, camouflage 1,
gelatinous body 1, (nimble swimmer 1), tentacles
a: Begin Untransformation, Renounce Religion, Potion Petition, Call Merchant,
Bribe Branch


You were on level 8 of the Dungeon.
You worshipped Gozag.
Gozag was most pleased with you.
You were a hulking beast.
You visited 1 branch of the dungeon, and saw 8 of its levels.
You also visited: Bailey.

You collected 1824 gold pieces.

Inventory:

Hand Weapons
 a - a +0 sling
Missiles
 B - 4 atropa-tipped darts
Jewellery
 f - the ring "Rythitam" (right tentacle) {Will+ rCorr Dex+3}
   (You acquired it on level 6 of the Dungeon)

   [ring of resist corrosion]

   Dex:       It affects your dexterity (+3).
   rCorr:     It protects you from acid and corrosion.
   Will:      It increases your willpower.
 g - an amulet of reflection (around mantle)
 n - an amulet of regeneration
 s - a ring of see invisible (left tentacle)
 t - a ring of wizardry
 y - a ring of magical power
 E - a +6 ring of intelligence
Talismans
 b - a beast talisman (active)
 m - a storm talisman
Wands
 q - a wand of flame (21)
 A - a wand of iceblast (10)
Scrolls
 e - 2 scrolls of vulnerability
 j - 4 scrolls of butterflies
 k - 4 scrolls of teleportation
 p - 2 scrolls of revelation
 r - 3 scrolls of noise
 u - a scroll of torment
 x - a scroll of amnesia {unknown}
 z - 2 scrolls of enchant weapon {unknown}
Potions
 c - a potion of heal wounds
 d - a potion of might {unknown}
 h - 3 potions of degeneration {unknown}
 i - 2 potions of lignification
 l - a potion of haste {unknown}
 o - 2 potions of brilliance {unknown}
 v - a potion of enlightenment {unknown}
 w - a potion of berserk rage {unknown}
 C - a potion of resistance {unknown}
 D - a potion of attraction {unknown}


   Skills:
 - Level 4.0 Fighting
 - Level 4.0 Dodging
 - Level 8.0 Unarmed Combat
 + Level 11.3 Shapeshifting


You had 9 spell levels left.
You didn't know any spells.
Your spell library contained the following spells:

 Spells                   Type           Power      Damage    Failure   Level
 Apportation              Tloc           0%         N/A       34%         1
 Necrotise                Necr           0%         1d4       34%         1
 Summon Small Mammal      Summ           0%         N/A       34%         1
 Call Canine Familiar     Summ           0%         N/A       71%         3
 Ignite Poison            Fire/Tmut/Pois 0%         N/A       71%         3
 Portal Projectile        Hex/Tloc       0%         N/A       71%         3
 Summon Guardian Golem    Hex/Summ       0%         N/A       71%         3
 Leda's Liquefaction      Hex/Erth       0%         N/A       98%         4
 Sticky Flame             Conj/Fire      0%         2d3       98%         4
 Fireball                 Conj/Fire      0%         3d3       100%        5
 Iskenderun's Battlesphe  Conj           0%         2d6       100%        5
 Conjure Ball Lightning   Conj/Air       0%         3x3d6     100%        6
 Orb of Destruction       Conj           0%         9d5       100%        7
 Spellforged Servitor     Conj/Summ      0%         N/A       100%        7
 Ignition                 Fire           0%         3d3       100%        8


Dungeon Overview and Level Annotations

Branches:
Dungeon (8/15)             Temple (0/1) D:6          Bailey (visited)
   Lair: D:8-11

Altars:
Ashenzari
Dithmenos
Elyvilon
Fedhas
Gozag
Makhleb
Nemelex Xobeh
Ru
Trog
Uskayaw
Wu Jian
Yredelemnul
Zin
The Shining One

Shops:
D:1 ?   D:2 =   D:4 *   D:6 *

Annotations:
D:6 3 runed translucent doors, LeprechaunX's ghost, novice OpSh


Innate Abilities, Weirdness & Mutations

You are a hulking beast.
Your limbs bulge with bestial killing power. (Slay +7)
You cannot wear most types of armour.
You are amphibious.
You can wear up to eight rings at the same time.
Your skin changes colour to match your surroundings (Stealth+).
Your rubbery body absorbs attacks. (AC +1, EV +1)
((You are camouflaged when in or above water. (Stealth+)))
You have tentacles for arms and can constrict up to eight enemies at once.


Message History

You feel less confused.
You start resting.
HP restored.
You now have 1811 gold pieces (gained 9).
You open the door.
There is an open door here.
You now have 1822 gold pieces (gained 11).
There is an open door here.
There is an open door here.
Found a robe.
z - 2 scrolls labelled GAREMI XICE (gained 1)
Found 5 stones.
Found a long sword.
Found 6 stones.
There is an open door here.
Found an opulent altar of Gozag.
You now have 1823 gold pieces (gained 1).
You now have 1824 gold pieces (gained 1).
An efreet comes into view.
It is wielding a +3 scimitar of flaming.
The efreet moves out of view.
An efreet is nearby!
An efreet is nearby!
An efreet is nearby!
You start waiting.
An efreet is nearby!
The efreet gestures at you.
The fireball explodes!
The fireball engulfs you!!
Unknown command.
You swing at nothing.
You tentacle-slap the efreet. You squeeze the efreet.
The efreet is lightly wounded.
The efreet hits you with a +3 scimitar of flaming!
The efreet burns you.
You barely miss the efreet. You squeeze the efreet!
The efreet is moderately wounded.
The efreet hits you with a +3 scimitar of flaming!!
* * * LOW HITPOINT WARNING * * *
The efreet burns you.
You die...
Your body crumbles into a pile of gold.

............###............._#.##
......>.........#........#..8#.#
............#.####......######.#
............#..# #####..# ###.##
............##.## ##..####....#
............##..## ##.#.....###..
..............○R☼###.####..## ##.
..............###R..## ##.# ##.
.............###h...# #.####.#
....................# ##.#..##
........☼...........# #...##
.......○.......####... #..##
.....☼○.....>..# ..##.. ......
...............# ..# ###....##
................ ... #....#
............... .. ...#..
........>...... ....#..#


You could see an efreet.

Vanquished Creatures
  A two-headed ogre (D:8)
  Pikel (D:4)
  A deep elf pyromancer (D:8)
  A tarantella (shapeshifter) (D:8)
  Grinder (D:4)
  A wyvern (D:7)
  2 steam dragons
  Menkaure (D:7)
  2 ice beasts
  A sky beast (D:6)
  8 orc warriors
  3 centaurs
  An ogre (D:4)
  2 phantoms
  2 lemures (D:4)
  6 kobold brigands
  2 bullfrogs
  2 scorpions
  8 killer bees
  A howler monkey (D:8)
  3 jellies (D:5)
  An orc priest (D:8)
  A gnoll bouda (D:6)
  3 hounds
  3 iguanas
  3 sleepcaps
  9 orc wizards
  11 gnolls
  7 adders
  A white imp (D:6)
  2 worms
  3 dart slugs
  23 orcs
  5 endoplasms
  4 giant cockroaches
  7 goblins
  6 hobgoblins
  6 jackals (D:5)
  12 kobolds
  2 quokkas
  8 ball pythons
  8 bats
  2 frilled lizards
  6 rats
183 creatures vanquished.

Vanquished Creatures (others)
  An orc warrior (Bailey)
1 creature vanquished.

Grand Total: 184 creatures vanquished

Notes
Turn   | Place    | Note
-------+----------+-------------------------------------------
     0 | D:1      | LeprechaunX the Octopode Shapeshifter began the quest for
                  | the Orb.
     0 | D:1      | Reached XP level 1. HP: 13/13 MP: 1/1
   206 | D:1      | Found a faded altar of an unknown god.
   304 | D:1      | Prayed at the altar of an unknown god.
   304 | D:1      | Became a worshipper of Gozag Ym Sagoz the Greedy
   606 | D:1      | Reached XP level 2. HP: 18/18 MP: 2/2
   703 | D:1      | Found Olamabe's Magic Scroll Shop.
  1155 | D:2      | Found Caafroobb's Jewellery Shoppe.
  1187 | D:2      | Reached XP level 3. HP: 19/23 MP: 3/3
  1202 | D:2      | Reached XP level 4. HP: 12/29 MP: 4/4
  2099 | D:3      | Reached XP level 5. HP: 21/34 MP: 5/5
  2737 | D:4      | You fall into a shaft and drop 1 floor!
  2737 | D:5      | Entered Level 5 of the Dungeon
  2773 | D:5      | Reached XP level 6. HP: 31/41 MP: 6/6
  2922 | D:5      | Reached skill level 5 in Unarmed Combat
  3041 | D:4      | Found a hide-covered altar of Uskayaw.
  3041 | D:4      | Found a basalt altar of Yredelemnul.
  3041 | D:4      | Found a white marble altar of Elyvilon.
  3054 | D:4      | Reached XP level 7. HP: 4/46 MP: 7/7
  3258 | D:4      | Found Pacuxa's Assorted Antiques.
  3263 | D:4      | Noticed Grinder
  3272 | D:4      | Paralysed by Grinder for 5 turns
  3287 | D:4      | Killed Grinder
  3288 | D:4      | Reached skill level 4 in Shapeshifting
  3530 | D:4      | Found a glowing golden altar of the Shining One.
  3550 | D:4      | Found a blossoming altar of Fedhas.
  3551 | D:4      | Found a shadowy altar of Dithmenos.
  3553 | D:4      | Found a bloodstained altar of Trog.
  3553 | D:4      | Found a sacrificial altar of Ru.
  3615 | D:4      | Noticed Pikel
  3621 | D:4      | Killed Pikel
  3622 | D:4      | Reached XP level 8. HP: 46/54 MP: 8/8
  3622 | D:4      | Found a broken altar of Ashenzari.
  3649 | D:4      | Found a sparkling altar of Nemelex Xobeh.
  3652 | D:4      | Found a burning altar of Makhleb.
  3653 | D:4      | Found a glowing silver altar of Zin.
  3767 | D:5      | Found an ornate altar of the Wu Jian Council.
  3833 | D:4      | Reached skill level 5 in Shapeshifting
  4305 | D:5      | Reached skill level 6 in Shapeshifting
  4570 | D:6      | Reached XP level 9. HP: 48/58 MP: 9/9
  4712 | D:6      | Noticed LeprechaunX's ghost (novice OpSh)
  4713 | D:6      | Found a runed translucent gate.
  4713 | D:6      | Found a runed translucent gate.
  4713 | D:6      | Found a runed translucent gate.
  4838 | D:6      | Found Geytequi's Elemental Accessories.
  4874 | D:6      | Found a staircase to the Ecumenical Temple.
  5057 | D:6      | Reached skill level 7 in Shapeshifting
  5590 | D:6      | Identified a scroll of acquirement
  5591 | D:6      | Acquired the ring "Rythitam" {Will+ rCorr Dex+3}
  6060 | D:7      | Noticed Menkaure
  6066 | D:7      | Killed Menkaure
  6067 | D:7      | Reached skill level 8 in Shapeshifting
  6464 | D:8      | Found a flagged portal.
  6504 | Bailey   | Entered a bailey
  6547 | Bailey   | Reached skill level 9 in Shapeshifting
  6760 | Bailey   | Reached XP level 10. HP: 26/63 MP: 10/10
  7054 | Bailey   | Found a burning altar of Makhleb.
  7443 | D:8      | Reached skill level 10 in Shapeshifting
  7740 | D:8      | Noticed a two-headed ogre
  7752 | D:8      | Killed a two-headed ogre
  8291 | D:8      | Noticed a deep elf pyromancer
  8299 | D:8      | Killed a deep elf pyromancer
  8300 | D:8      | Reached skill level 11 in Shapeshifting
  8529 | D:8      | Found an opulent altar of Gozag.
  8606 | D:8      | Slain by an efreet

Illustrated notes

Levels and vault maps discovered:
D:1:      dpeg_arrival_rooms_b, layout_loops_corners, serial_shops, shop,
          shapermc_ecumenical_altar_pompeii, patterned_corridor
D:2:      layout_loops_corners, serial_shops, shop
D:3:      layout_basic
D:4:      layout_cave_pools, nicolae_overflow_hallway_of_the_gods,
          lemuel_round_altar, serial_column_ruins, column_ruins_hut,
          column_ruins_columns_straight, column_ruins_open_small,
          column_ruins_grid_3, column_ruins_grid_3, serial_shops, shop,
          uniq_grinder, uniq_pikel
D:5:      layout_cave_pools, nicolae_wu_jian_wuxing_cycle
D:6:      layout_basic, minmay_temple_entry_glassed_door,
          ebering_ghost_rock_garden, nicolae_elemental_shop
D:7:      layout_cave_pools, uniq_menkaure
D:8:      layout_layer_cave, grunt_gozag_breadcrumbs, enter_bailey_6,
          hangedman_abyss_or_decor_clamps, minmay_shattered_shrine

Skill      XL: |  1  2  3  4  5  6  7  8  9 10 |
---------------+-------------------------------+-----
Fighting       | 2 3 4 |  4.0
Unarmed Combat | 4 5 7 8 |  8.0
Dodging        | 3 4 |  4.0
Shapeshifting  | 4 6 9 11 | 11.3

Action                     |  1- 3 |  4- 6 |  7- 9 | 10-12 || total
---------------------------+-------+-------+-------+-------++-------
  Melee: Unarmed           |    45 |    94 |   155 |    86 ||   380
         Constrict         |    12 |    22 |    32 |    19 ||    85
         Tentacles         |     7 |    16 |    41 |    29 ||    93
         Punch             |       |     6 |     6 |    10 ||    22
   Fire: Sling             |       |     8 |    39 |    13 ||    60
    Use: Potion            |       |       |     2 |     3 ||     5
         Scroll            |       |       |     8 |       ||     8
   Stab: Sleeping          |     5 |     9 |     1 |     1 ||    16
         Distracted        |       |     2 |     1 |     1 ||     4
 Armour: Skin              |     2 |     3 |     7 |     1 ||    13
  Dodge: Dodged            |    18 |    56 |    82 |    43 ||   199
  Block: Other             |       |     4 |    25 |    20 ||    49
         Reflection        |       |       |       |     1 ||     1

Table legend: (Time is in decaauts)
 A = Elapsed time spent in this place.
 B = Non-inter-level travel time spent in this place.
 C = Inter-level travel time spent in this place.
 D = Time resting spent in this place.
 E = Time spent auto-exploring this place.
 F = Levels seen in this place.
 G = Mean time per level.
                   A        B        C        D        E       F      G
               +--------+--------+--------+--------+--------+-----+--------+
         Total |   8571 |   8330 |    241 |   1403 |   5374 |   9 |  952.3 |
       Dungeon |   7972 |   7731 |    241 |   1127 |   5354 |   8 |  996.5 |
        Bailey |    599 |    599 |      0 |    276 |     20 |   1 |  599.0 |
               +--------+--------+--------+--------+--------+-----+--------+

Top non-repeatable levels by time:
     D:8: 1577 daAuts
     D:6: 1143 daAuts
     D:1: 1030 daAuts
     D:4: 1001 daAuts
     D:2: 936 daAuts
     D:5: 837 daAuts
     D:7: 757 daAuts
     D:3: 687 daAuts
  Bailey: 599 daAuts
